 Dungeon Crawl Stone Soup version 0.29-a0-819-g94b489e0ae (webtiles) character file.

Game seed: 17353920085987680873

137 bande the Covered (level 5, -7/33 HPs)
             Began as a Gargoyle Fighter on July 6, 2022.
             Mangled by Duvessa
             ... wielding a +0 rapier
              (12 damage)
             ... on level 4 of the Dungeon.
             The game lasted 00:04:11 (2988 turns).

bande the Covered (Gargoyle Fighter)                Turns: 2988, Time: 00:04:11

Health: -7/33      AC: 15    Str: 20    XL:     5   Next: 20%
Magic:  5/5        EV:  7    Int:  8    God:
Gold:   112        SH:  4    Dex: 11    Spells: 4/4 levels left

rFire   . . .      SeeInvis .   a - +1 war axe (spect)
rCold   . . .      Faith    .   c - +0 buckler
rNeg    + . .      Spirit   .   n - +0 chain mail
rPois   ∞          Reflect  .   (no helmet)
rElec   +          Harm     .   m - +1 cloak
rCorr   .          Rampage  .   (no gloves)
Will    .....                   (no boots)
Stlth   ..........              (no amulet)
HPRegen 0.11/turn               g - ring of wizardry
MPRegen 0.09/turn               (no ring)

@: mighty
A: sickness immunity, AC +4, negative energy resistance 1, electricity
resistance, torment resistance 1, petrification resistance
a: no special abilities


You were on level 4 of the Dungeon.
You visited 1 branch of the dungeon, and saw 4 of its levels.

You collected 112 gold pieces.

Inventory:

Hand Weapons
 a - a +1 spectral war axe (weapon)
Armour
 c - a +0 buckler (worn)
 m - a +1 cloak (worn)
 n - a +0 chain mail (worn)
Jewellery
 g - a ring of wizardry (left hand)
 k - a ring of fire
Scrolls
 b - 2 scrolls of fear
 h - a scroll of fog
 l - 4 scrolls of teleportation
Potions
 e - 4 potions of brilliance
 f - 3 potions of curing
 j - a potion of magic {unknown}


   Skills:
 + Level 4.0 Fighting
 + Level 3.3 Axes
 + Level 4.2 Armour
 + Level 3.9 Shields


You had 4 spell levels left.
You didn't know any spells.
Your spell library contained the following spells:

 Spells                   Type           Power      Damage    Failure   Level
 Summon Small Mammal      Summ           0%         N/A       89%         1
 Call Canine Familiar     Summ           0%         N/A       99%         3
 Summon Guardian Golem    Hex/Summ       0%         N/A       99%         3


Dungeon Overview and Level Annotations

Branches:
Dungeon (4/15)
 Temple: D:4-7

Altars:
Wu Jian

Annotations:
D:4 Duvessa


Innate Abilities, Weirdness & Mutations

You are immune to sickness and miasma.
Your stone body is resilient. (AC +4)
You are immune to poison.
You resist negative energy. (rN+)
You are resistant to electric shocks. (rElec)
You are resistant to unholy torment.
You are immune to petrification.


Message History

You feel very mighty all of a sudden. Dowan gestures at you while chanting.
The puff of frost hits you but does no damage.
Duvessa hits you with a +0 rapier!
Dowan smirks and points a slender finger.
You slash Dowan!
Dowan is severely wounded.
You hit Duvessa.
Your +1 spectral war axe closely misses Duvessa.
Your +1 spectral war axe hits Dowan!
You kill Dowan!
Duvessa screams, "No!
How DARE you!"
Duvessa goes berserk!
You block Duvessa's attack. Duvessa hits you but does no damage.
Your Fighting skill increases to level 4!
Your Axes skill increases to level 3!
You have reached level 5!
You barely miss Duvessa.
Duvessa is lightly wounded.
Your +1 spectral war axe closely misses Duvessa.
You block Duvessa's attack. Duvessa hits you with a +0 rapier.
You barely miss Duvessa.
Duvessa is lightly wounded.
Your +1 spectral war axe hits Duvessa!!
You block Duvessa's attack. Duvessa hits you with a +0 rapier!
* * * LOW HITPOINT WARNING * * *
You hit Duvessa.
Duvessa is severely wounded.
Your +1 spectral war axe hits Duvessa.
Duvessa hits your +1 spectral war axe with a +0 rapier!
Your spectral weapon shares its damage with you!
* * * LOW HITPOINT WARNING * * *
Duvessa hits your +1 spectral war axe but does no damage.
You feel better. Duvessa hits you with a +0 rapier.
* * * LOW HITPOINT WARNING * * *
You slash Duvessa!
Duvessa is almost dead.
Your +1 spectral war axe barely misses Duvessa.
Duvessa hits you with a +0 rapier!
You die...

#+##
##...##
##.....##
##e......##
#.(@......#
+.=)......+
#.........#
##.......##
##.....##
##...##
#+##


You could see Duvessa (berserk) and a friendly +1 spectral war axe (summoned).

Vanquished Creatures
  Dowan (D:4)
  2 adders
  2 worms (D:2)
  2 dart slugs
  2 orcs (D:3)
  3 ball pythons
  6 endoplasms
  A giant cockroach (D:2)
  4 goblins
  7 hobgoblins
  6 kobolds
  3 quokkas
  10 bats
  4 frilled lizards
  5 rats
58 creatures vanquished.

Vanquished Creatures (others)
  6 plants (D:2)
6 creatures vanquished.

Grand Total: 64 creatures vanquished

Notes
Turn   | Place    | Note
-------+----------+-------------------------------------------
     0 | D:1      | bande the Gargoyle Fighter began the quest for the Orb.
     0 | D:1      | Reached XP level 1. HP: 14/14 MP: 1/1
   132 | D:1      | Reached XP level 2. HP: 19/19 MP: 2/2
   483 | D:1      | Reached XP level 3. HP: 22/23 MP: 3/3
  1849 | D:2      | Reached XP level 4. HP: 29/29 MP: 4/4
  2026 | D:2      | Found an ornate altar of the Wu Jian Council.
  2980 | D:4      | Noticed Duvessa
  2980 | D:4      | Noticed Dowan
  2983 | D:4      | Killed Dowan
  2984 | D:4      | Reached XP level 5. HP: 25/33 MP: 5/5
  2986 | D:4      | HP: 1/33 [Duvessa/+0 rapier (4)]
  2988 | D:4      | Mangled by Duvessa

Illustrated notes

Levels and vault maps discovered:
D:1:      dpeg_arrival_oval, layout_basic, serial_co_window_serial,
          co_window_paths_a, co_window_paths_b, co_window_paths_b,
          co_window_paths_b, co_window_corner_a, co_window_paths_a,
          co_window_cross_1, co_window_cross_1, co_window_paths_a,
          co_window_corner_ca, co_window_broadway_a, co_window_corner_b,
          co_window_corner_b, co_window_corner_b, co_window_paths_c,
          co_window_2corner, glass_columns_c, minmay_misc_feat_more_columns
D:2:      layout_basic, basic_altar, serial_forest,
          infiniplex_forest_clump_small, infiniplex_forest_corner_1,
          infiniplex_forest_lined_2, infiniplex_forest_lined_4_way,
          infiniplex_forest_clump_curved, infiniplex_forest_clump_diagonal,
          infiniplex_forest_clump_double, infiniplex_forest_clump_medium,
          infiniplex_forest_clump_small
D:3:      layout_loops_ring, serial_glass, glass_columns_b, glass_columns_c
D:4:      layout_loops_corners, nicolae_overflow_two_pavilions, minmay_rat_hole,
          uniq_duvessa, uniq_grinder

Skill      XL: |  1  2  3  4 |
---------------+-------------+-----
Axes           | 2 3 |  3.3
Armour         | 4 |  4.2
Fighting       | 4 |  4.0
Shields        | |  3.9

Action                   |  1- 3 |  4- 6 || total
-------------------------+-------+-------++-------
Melee: War axe           |    84 |    39 ||   123
  Use: Scroll            |     5 |     7 ||    12
       Potion            |       |     2 ||     2
Armor: Scale mail        |    61 |    10 ||    71
       Chain mail        |       |    11 ||    11
Dodge: Dodged            |    38 |    15 ||    53
Block: Buckler           |    22 |     7 ||    29

Table legend: (Time is in decaauts)
 A = Elapsed time spent in this place.
 B = Non-inter-level travel time spent in this place.
 C = Inter-level travel time spent in this place.
 D = Time resting spent in this place.
 E = Time spent auto-exploring this place.
 F = Levels seen in this place.
 G = Mean time per level.
                   A        B        C        D        E       F      G
               +--------+--------+--------+--------+--------+-----+--------+
         Total |   3039 |   2973 |     66 |      0 |   2507 |   4 |  759.8 |
       Dungeon |   3039 |   2973 |     66 |      0 |   2507 |   4 |  759.8 |
               +--------+--------+--------+--------+--------+-----+--------+

Top non-repeatable levels by time:
     D:1: 1231 daAuts
     D:2: 1200 daAuts
     D:3: 597 daAuts
     D:4: 9 daAuts
